 Dungeon Crawl Stone Soup version 0.20-a0-1025-g4706f7e (webtiles) character file.

79456 Gorglomux the Arsonist (level 15, -13/124 HPs)
             Began as a Purple Draconian Fire Elementalist on Apr 19, 2017.
             Was a High Priest of Sif Muna.
             Mangled by a very large slime creature (53 damage)
             ... on level 13 of the Dungeon.
             The game lasted 01:44:25 (33231 turns).

Gorglomux the Arsonist (DrFE)                      Turns: 33231, Time: 01:44:25

Health: -13/124    AC: 16    Str: 13    XL:     15   Next: 21%
Magic:  7/30       EV: 16    Int: 21    God:    Sif Muna [*****.]
Gold:   1156       SH:  0    Dex: 17    Spells: 1/37 levels left

rFire    + . .     SeeInvis .   w - +10 short sword of Subterfuge {pierce, +Fly rElec Str+3 Dex+4}
rCold    . . .     Gourm    .   (no shield)
rNeg     . . .     Faith    +   (armour unavailable)
rPois    .         Spirit   .   (helmet restricted)
rElec    +         Reflect  .   E - +2 cloak
rCorr    .         Harm     .   G - +0 pair of gloves
MR       +++..                  X - +2 pair of boots
Stlth    ++........             R - amulet of faith {Faith, !P}
Regen    0.3/turn               P - ring of protection from fire {rF+, !d}
MPRegen  0.3/turn               Y - ring of protection from magic {MR+, !d}

@: divine energy
A: breathe power, unfitting armour, cold-blooded, AC +9
a: Breathe Dispelling Energy, Stop Divine Energy, Channel Magic, Forget Spell,
Renounce Religion, Evoke Flight


You were on level 13 of the Dungeon.
You worshipped Sif Muna.
Sif Muna was extremely pleased with you.
You were not hungry.

You visited 3 branches of the dungeon, and saw 20 of its levels.
You also visited: Volcano.

You collected 1741 gold pieces.
You spent 585 gold pieces at shops.

Inventory:

Hand Weapons
 w - the +10 short sword of Subterfuge (weapon) {pierce, +Fly rElec Str+3 Dex+4}
   (You found it on level 4 of the Dungeon)

   It inflicts extra damage upon your enemies.
   It affects your strength (+3).
   It affects your dexterity (+4).
   It insulates you from electricity.
   It lets you fly.
 T - the +9 flail of Ijisutso {venom, rF+ Str+3}
   (You found it on level 11 of the Dungeon)

   It poisons the flesh of those it strikes.
   It affects your strength (+3).
   It protects you from fire.
Missiles
 v - 3 throwing nets {=f, !d}
Armour
 E - a +2 cloak (worn)
   (You took it off Crazy Yiuf on level 5 of the Dungeon)
 G - a +0 pair of gloves (worn)
   (You found it on level 8 of the Dungeon)
 X - a +2 pair of boots (worn)
   (You found it on level 2 of the Lair of Beasts)
Jewellery
 x - an uncursed ring of positive energy {rN+}
   (You found it on level 11 of the Dungeon)
 B - an uncursed ring of flight {+Fly, !d}
   (You found it on level 5 of the Dungeon)
 J - an uncursed ring of ice {rC+, rF-}
   (You found it on level 6 of the Dungeon)
 P - a ring of protection from fire (left hand) {rF+, !d}
   (You found it on level 12 of the Dungeon)
 R - an amulet of faith (around neck) {Faith, !P}
   (You found it on level 9 of the Dungeon)
 Y - a ring of protection from magic (right hand) {MR+, !d}
   (You found it on level 2 of the Lair of Beasts)
Wands
 m - a wand of acid (4/15)
   (You found it on level 4 of the Dungeon)
 A - a wand of acid (9/15)
   (You found it on level 2 of the Lair of Beasts)
 L - a wand of iceblast (6/15)
   (You found it on level 8 of the Dungeon)
 M - a wand of confusion (24/48)
   (You took it off an orc on level 12 of the Dungeon)
 Z - a wand of lightning (1/15)
   (You found it on level 4 of the Lair of Beasts)
Scrolls
 c - 8 scrolls of teleportation
 f - a scroll of summoning
 i - 5 scrolls of fog
 j - 4 scrolls of enchant weapon
 n - 2 scrolls of identify
 q - 4 scrolls of amnesia
 s - 7 scrolls of remove curse
 u - 2 scrolls of fear
 z - a scroll of enchant armour
 Q - 2 scrolls of blinking {!r}
 U - a scroll of recharging
Potions
 d - 2 potions of brilliance
 e - 4 potions of haste
 g - 6 potions of flight
 h - 3 potions of resistance
 k - a potion of ambrosia
 l - 6 potions of heal wounds
 p - 4 potions of lignification {!q}
 t - 7 potions of curing
 D - 3 potions of cancellation
 F - a potion of experience {unknown}
 H - 2 potions of mutation {!q}
 K - a potion of might
 O - 3 potions of berserk rage {!q}
 V - 2 potions of magic
Books
 a - the Tome of Attacks
   (You acquired it on level 12 of the Dungeon)

   Spells                             Type                      Level
   a - Flame Tongue                   Conjuration/Fire             1
   b - Mephitic Cloud                 Conjuration/Poison/Air       3
   c - Static Discharge               Conjuration/Air              3
   d - Bolt of Magma                  Conjuration/Fire/Earth       5
 I - a book of Burglary
   (Sif Muna gifted it to you on level 5 of the Lair of Beasts)
Miscellaneous
 C - a box of beasts
 N - a lamp of fire
   (You found it on level 11 of the Dungeon)
Comestibles
 b - 9 bread rations {@e1@e1}
 o - 13 royal jellies
 r - 5 meat rations {@e2@e2}
 S - 7 fruits
 W - 2 chunks of flesh {@w0@w0}


   Skills:
 * Level 9.2 Fighting
 + Level 6.0 Dodging
 - Level 1.7 Stealth
 + Level 11.5 Spellcasting
 + Level 11.9 Conjurations
 - Level 6.1 Hexes
 * Level 10.9 Summonings
 + Level 12.3 Fire Magic
 - Level 6.9 Air Magic
 - Level 3.7 Earth Magic
 * Level 7.6 Invocations


You had one spell level left.
You knew the following spells:

 Your Spells              Type           Power        Failure   Level  Hunger
a - Flame Tongue          Conj/Fire      #####        1%          1    None
b - Summon Lightning Spi  Summ/Air       #####...     1%          4    #......
c - Conjure Flame         Conj/Fire      ######..     1%          3    None
d - Summon Mana Viper     Hex/Summ       #####...     4%          5    ####...
e - Shadow Creatures      Summ           N/A          10%         6    ######.
f - Fireball              Conj/Fire      ######....   1%          5    ####...
g - Bolt of Magma         Conj/Fire/Erth ######....   3%          5    ####...
s - Sticky Flame          Conj/Fire      ######..     1%          4    #......
x - Stone Arrow           Conj/Erth      #####.       1%          3    None


Dungeon Overview and Level Annotations

Branches:
Dungeon (13/15)            Temple (1/1) D:5            Lair (6/6) D:11
 Shoals (0/4) Lair:2        Snake (0/4) Lair:2        Slime (0/5) Lair:6
    Orc (0/2) D:10
 Vaults: D:13-14

Altars:
Ashenzari
Cheibriados
Dithmenos
Elyvilon
Fedhas
Gozag
Hepliaklqana
Kikubaaqudgha
Makhleb
Nemelex Xobeh
Okawaru
Qazlal
Ru
Sif Muna
Trog
Uskayaw
Vehumet
Wu Jian
Xom
Yredelemnul
Zin
The Shining One
Beogh

Shops:
D:5 %(   D:10 ?}

Annotations:
D:3 1 exclusion
D:11 exclusion: Nergalle, Nergalle


Innate Abilities, Weirdness & Mutations

You can breathe bolts of dispelling energy.
Your rich purple scales are hard. (AC +9)
You cannot fit into any form of body armour.
You are cold-blooded and may be slowed by cold attacks.


Message History

The centaur shoots an arrow.
The arrow hits you.
You take 4 damage, and have 62/124 hp.
The centaur shoots an arrow.
The arrow hits you.
The centaur shoots an arrow.
The arrow hits you!
The centaur shoots an arrow.
The arrow hits you!
You take 19 damage, and have 43/124 hp.
Unknown command.
The centaur shoots an arrow.
The arrow hits your lightning spire.
Your lightning spire shoots out a bolt of lightning at the centaur!
The bolt of electricity hits the centaur. x2
The centaur dies!
Sif Muna accepts your kill.
Items here: (( ) ÷ † an uncursed shortbow; 33 arrows; a stone; a crocodile corpse a centaur skeleton Unknown command.
You regain access to your magic.
A jelly comes into view.
You see here an arrow.
The centaur shoots an arrow.
The arrow barely misses you.
Okay, then.
The centaur unwields an uncursed shortbow.
The centaur hits you but does no damage.
You completely miss the centaur. You tail-slap the centaur.
The centaur completely misses you. The centaur hits you!
Your lightning spire shoots out a bolt of lightning at the centaur!
The bolt of electricity hits the centaur.
The bolt of electricity hits the jelly. x2
The jelly dies!
Sif Muna accepts your kill.
You take 6 damage, and have 38/124 hp.
You hit the centaur.
You kill the centaur!
Sif Muna accepts your kill.
A slime creature comes into view.
Things that are here:
an uncursed shortbow; 20 arrows There isn't anything to butcher here. y - Lioc's Incunabulum of Feathers and Hexes You see here an arrow.
You drop Lioc's Incunabulum of Feathers and Hexes.
Eating one of 3 chunks of flesh {@w0@w0}.
You eat one of the 3 chunks of flesh {@w0@w0}.
Things that are here:
a shortbow; 17 arrows
Things that are here:
a shortbow; 28 arrows You start resting.
You can't see any susceptible monsters within range! (Use Z to cast anyway.)
Things that are here:
a shortbow; 17 arrows
Aim: a slime creature The flame tongue hits the slime creature.
Your lightning spire disappears in a puff of smoke!
You now have 4/30 mp.
Aim: a slime creature (lightly wounded)
The flame tongue hits the slime creature.
You now have 3/30 mp.
Aim: a slime creature (lightly wounded)
The flame tongue hits the slime creature.
You now have 2/30 mp.
Aim: a slime creature (moderately wounded)
The flame tongue hits the slime creature.
A slime creature comes into view.
You now have 1/30 mp.
You are too injured to fight recklessly!
You are too injured to fight recklessly!
You puncture the slime creature! The slime creature hits you!
* * * LOW HITPOINT WARNING * * *
You take 16 damage, and have 27/124 hp.
Unknown command.
A slime creature comes into view.
Things that are here:
a shortbow; 28 arrows
Things that are here:
an uncursed shortbow; 13 arrows; a whip
Things that are here:
a short sword; a big kobold skeleton You see here a short sword of flaming.
The slime creature quivers.
Things that are here:
a runed dagger; a blowgun; a kobold skeleton Two slime creatures merge to form a large slime creature.
Two slime creatures merge to form a very large slime creature.
An electric hum fills the air.
You now have 1/30 mp.
Your lightning spire shoots out a bolt of lightning at the very large slime creature!
The bolt of electricity hits the very large slime creature.
You see here a yak corpse.
Your lightning spire shoots out a bolt of lightning at the very large slime creature!
The bolt of electricity hits the very large slime creature.
You see here 2 arrows.
Your lightning spire shoots out a bolt of lightning at the very large slime creature!
The bolt of electricity hits the very large slime creature. x2
Your lightning spire shoots out a bolt of lightning at the very large slime creature!
The bolt of electricity hits the very large slime creature.
Your lightning spire disappears in a puff of smoke!
You see here 2 arrows.
You see here a yak corpse.
The very large slime creature hits you!!!
You die...

#. ###...... #. #.......#
#.#####.###.......#
#..........#.......# #
..#........#.......#..
....................
#................#
##........#J......###
##..)......#.@........
#........†............
.#####.(.##..........
###........##......
#.....###..........
.######.##..# ##.##......
........#..####..#.......
######...........#.......
##...#........).. ....


You could see a very large slime creature.

Vanquished Creatures
  2 acid blobs (Lair:6)
  Frances (D:12)
  A storm dragon (D:12)
  A frost giant (D:12)
  The ghost of nht the Black Belt, a journeyman DsHu of Okawaru (Lair:6)
  Josephine (D:11)
  2 catoblepae (Lair:6)
  8 hydras
  2 centaur warriors (D:13)
  4 two-headed ogres
  9 death yaks (Lair:6)
  Sonja (D:11)
  6 slime creatures
  An unseen horror (D:11)
  2 anaconda skeletons (Volcano)
  An oklob plant (Lair:5)
  3 manticores
  2 ugly things (D:12)
  4 black mambas
  2 torpor snails
  7 spiny frogs
  6 gargoyles
  2 rime drakes (Lair:6)
  9 komodo dragons
  6 meliai
  5 trolls
  A polar bear (Lair:5)
  2 queen bees
  4 hornets
  2 harpy skeletons (Volcano)
  10 dream sheep
  14 blink frogs
  2 flying skulls (Volcano)
  11 hippogriffs
  2 vampires
  3 wyverns
  A wraith (D:11)
  2 alligator skeletons (Volcano)
  Sigmund (D:2)
  9 spriggans (Lair:5)
  4 basilisks
  A steam dragon (D:12)
  A vampire mosquito (D:13)
  51 yaks
  A hungry ghost (D:12)
  4 nagas (Lair:2)
  Edmund (D:6)
  6 swamp worms (Lair:1)
  11 water moccasins
  8 porcupines
  12 orc warriors
  A black bear (D:12)
  3 necrophages
  3 ice beasts
  3 sky beasts
  2 phantoms (D:9)
  3 boggarts (Lair:5)
  8 wolves
  7 ogres
  An eye of draining (D:9)
  12 centaurs
  8 crocodiles
  Blork the orc (D:4)
  19 bullfrogs
  A gnoll sergeant (D:5)
  A wyvern skeleton (D:13)
  3 scorpions
  34 killer bees
  2 spriggan skeletons (Volcano)
  A troll skeleton (Volcano)
  An electric eel (D:6)
  9 wights
  7 howler monkeys
  5 crimson imps
  A quasit (D:12)
  3 hounds
  A bullfrog zombie (D:6)
  11 orc priests
  Crazy Yiuf (D:5)
  4 gnoll shamans (D:5)
  10 jellies
  9 orc wizards
  4 bullfrog skeletons
  6 iguanas
  Natasha (thrice) (D:4)
  2 centaur skeletons (D:4)
  10 worker ants
  7 hell rats (Lair:6)
  A naga skeleton (Volcano)
  2 hound skeletons
  35 gnolls
  A howler monkey skeleton (D:5)
  13 adders
  8 river rats (Lair:6)
  A shadow imp (D:9)
  8 oozes
  An adder zombie (D:2)
  3 adder skeletons
  16 worms
  3 dart slugs
  6 leopard geckos
  48 orcs
  5 giant cockroaches
  5 goblins
  4 hobgoblins
  33 jackals
  12 kobolds
  7 quokkas
  3 ball pythons
  8 bats
  5 frilled lizards
  A giant cockroach zombie (D:2)
  A leopard gecko skeleton (D:7)
  A leopard gecko zombie (D:6)
  A quokka skeleton (D:5)
  A quokka zombie (D:9)
  7 rats
  3 fungi (Lair:6)
  3 plants (Lair:1)
706 creatures vanquished.

Vanquished Creatures (collateral kills)
  A catoblepas (Lair:6)
  A hydra (Lair:5)
  A death yak (Lair:6)
  2 skeletal warriors (Volcano)
  An oklob plant (Lair:6)
  A torpor snail (Lair:5)
  3 spiny frogs
  3 komodo dragons
  A troll (D:12)
  A slime creature (D:12)
  2 dream sheep (Lair:5)
  3 blink frogs (Lair:6)
  3 hippogriffs
  A shadow (D:12)
  3 spriggans (Lair:5)
  24 yaks
  4 wraiths (D:11)
  A basilisk (Lair:5)
  A vampire mosquito (D:13)
  2 water moccasins
  2 porcupines
  2 orc warriors
  7 centaurs
  A crocodile (Lair:2)
  A big kobold (D:13)
  A wyvern skeleton (D:13)
  4 wights (D:12)
  7 killer bees
  A troll skeleton (Volcano)
  A jelly (D:13)
  2 hell rats (Lair:6)
  2 river rats (Lair:6)
  3 orcs
  2 kobolds (D:13)
  3 fungi (Lair:6)
98 creatures vanquished.

Vanquished Creatures (others)
  A flying skull (Volcano)
  9 fungi
  33 plants
43 creatures vanquished.

Grand Total: 847 creatures vanquished

Notes
Turn   | Place    | Note
-------+----------+-------------------------------------------
     0 | D:1      | Gorglomux the Draconian Fire Elementalist began the quest for the Orb.
     0 | D:1      | Reached XP level 1. HP: 14/14 MP: 3/3
   331 | D:1      | Reached XP level 2. HP: 20/20 MP: 1/5
   642 | D:1      | Reached skill level 2 in Conjurations
  1016 | D:1      | Reached XP level 3. HP: 26/26 MP: 3/6
  1436 | D:2      | Learned a level 3 spell: Conjure Flame
  1568 | D:2      | Noticed Sigmund
  2140 | D:2      | Reached XP level 4. HP: 31/33 MP: 0/7
  2515 | D:2      | Killed Sigmund
  2515 | D:2      | Reached skill level 3 in Spellcasting
  2515 | D:2      | Reached skill level 3 in Conjurations
  2515 | D:2      | Reached skill level 4 in Fire Magic
  2515 | D:2      | Reached XP level 5. HP: 19/38 MP: 0/9
  2856 | D:3      | Found a bloodstained altar of Trog.
  2857 | D:3      | Noticed a wizard
  3097 | D:3      | Gorglomux: !rng trog no no no
  3097 | D:3      | beem: The RNG chooses: no.
  3661 | D:3      | Reached XP level 6. HP: 45/45 MP: 10/10
  3771 | D:4      | Noticed Natasha
  3779 | D:4      | Killed Natasha
  3779 | D:4      | Reached skill level 5 in Fire Magic
  3879 | D:4      | Noticed Natasha
  3887 | D:4      | Killed Natasha
  3887 | D:4      | Reached skill level 4 in Conjurations
  4028 | D:4      | Learned a level 4 spell: Sticky Flame
  4178 | D:4      | Noticed an ice beast
  4184 | D:4      | Killed an ice beast
  4422 | D:4      | Noticed Natasha
  4427 | D:4      | Killed Natasha
  4427 | D:4      | Your scales start taking on a rich purple colour.
  4427 | D:4      | Reached skill level 4 in Spellcasting
  4427 | D:4      | Reached XP level 7. HP: 50/50 MP: 9/13
  4730 | D:4      | Reached skill level 5 in Conjurations
  4748 | D:4      | Noticed Blork the orc
  4751 | D:4      | Reached skill level 6 in Fire Magic
  4758 | D:4      | Learned a level 5 spell: Fireball
  4784 | D:4      | Killed Blork the orc
  4957 | D:5      | Entered Level 5 of the Dungeon
  4965 | D:5      | Found a sacrificial altar of Ru.
  5101 | D:4      | Got an ichor-stained short sword
  5102 | D:4      | Identified the +10 short sword of Subterfuge {pierce, +Fly rElec Str+3 Dex+4} (You found it on level 4 of the Dungeon)
  5287 | D:5      | Reached skill level 5 in Spellcasting
  5287 | D:5      | Reached XP level 8. HP: 57/57 MP: 10/15
  5377 | D:5      | Reached skill level 7 in Fire Magic
  5402 | D:5      | Reached skill level 6 in Conjurations
  6100 | D:5      | Found Besezaref's Food Shop.
  6132 | D:5      | Found a staircase to the Ecumenical Temple.
  6163 | Temple   | Entered the Ecumenical Temple
  6188 | Temple   | Became a worshipper of Sif Muna the Loreminder
  6461 | D:5      | Reached skill level 8 in Fire Magic
  6503 | D:5      | Found a runed door.
  6553 | D:5      | Reached skill level 7 in Conjurations
  6575 | D:5      | Found Ganusche's Antique Weapon Emporium.
  6657 | D:5      | Bought an encrusted war axe for 221 gold pieces
  6657 | D:5      | Identified the +3 war axe of the Original Sin {venom, rF+ Stlth+} (You bought it in a shop on level 5 of the Dungeon)
  6838 | D:5      | Noticed Crazy Yiuf
  6840 | D:5      | Killed Crazy Yiuf
  6976 | D:6      | Found a sparkling altar of Nemelex Xobeh.
  7266 | D:6      | Reached skill level 6 in Spellcasting
  7280 | D:6      | You fall through a shaft for 2 floors!
  7285 | D:8      | Reached XP level 9. HP: 62/62 MP: 11/18
  7650 | D:6      | Noticed Edmund
  7669 | D:6      | Killed Edmund
  7682 | D:6      | Got a bone short sword
  7683 | D:6      | Identified the +5 short sword of Wounding {drain, *Slow +Fly rC+} (You found it on level 6 of the Dungeon)
  7855 | D:6      | Reached * piety under Sif Muna
  8492 | D:7      | Reached skill level 8 in Conjurations
  8492 | D:7      | Reached skill level 9 in Fire Magic
  8936 | D:7      | Found an ornate altar of the Wu Jian Council.
  9433 | D:8      | Reached ** piety under Sif Muna
  9433 | D:8      | Reached skill level 7 in Spellcasting
  9490 | D:8      | Found a shimmering altar of Xom.
  9934 | D:8      | Reached skill level 9 in Conjurations
  9934 | D:8      | Reached XP level 10. HP: 59/69 MP: 21/21
 10044 | D:8      | Found a bloodstained altar of Trog.
 10054 | D:8      | Reached skill level 10 in Fire Magic
 10334 | D:8      | Found an ancient bone altar of Kikubaaqudgha.
 10403 | D:8      | Learned a level 4 spell: Summon Lightning Spire
 10508 | D:9      | Reached skill level 1 in Air Magic
 10574 | D:9      | Found a hazy altar of Hepliaklqana.
 10650 | D:9      | Reached skill level 1 in Summonings
 10679 | D:9      | Reached *** piety under Sif Muna
 10689 | D:9      | Reached skill level 2 in Air Magic
 10698 | D:9      | Reached skill level 2 in Summonings
 10878 | D:9      | Found a radiant altar of Vehumet.
 11243 | D:9      | Reached skill level 8 in Spellcasting
 11243 | D:9      | Reached skill level 3 in Summonings
 11243 | D:9      | Reached skill level 3 in Air Magic
 11488 | D:10     | Entered Level 10 of the Dungeon
 11612 | D:10     | Noticed a two-headed ogre
 11621 | D:10     | Killed a two-headed ogre
 11621 | D:10     | Reached **** piety under Sif Muna
 11621 | D:10     | Reached skill level 4 in Air Magic
 11709 | D:10     | Reached skill level 4 in Summonings
 12051 | D:10     | Found a staircase to the Orcish Mines.
 12059 | D:10     | Found Only's Gadget Emporium.
 12081 | D:10     | Found Ilock's Magic Scroll Shoppe.
 12084 | D:10     | Bought a scroll of identify for 28 gold pieces
 12084 | D:10     | Bought a scroll of identify for 28 gold pieces
 12084 | D:10     | Bought a scroll of amnesia for 49 gold pieces
 12084 | D:10     | Bought a scroll of identify for 28 gold pieces
 12084 | D:10     | Bought a scroll of noise for 14 gold pieces
 12084 | D:10     | Bought a scroll of teleportation for 42 gold pieces
 12084 | D:10     | Bought a scroll of blinking for 105 gold pieces
 12084 | D:10     | Bought a scroll of identify for 28 gold pieces
 12084 | D:10     | Bought a scroll of teleportation for 42 gold pieces
 12473 | D:10     | Found a roughly hewn altar of Beogh.
 12488 | D:10     | Reached XP level 11. HP: 33/74 MP: 6/23
 13010 | D:11     | Noticed Sonja
 13015 | D:11     | Killed Sonja
 13024 | D:11     | HP: 17/74 [centaur/arrow (7)]
 13027 | D:11     | HP: 5/74 [wraith[Josephine] (12)]
 13030 | D:11     | Noticed a two-headed ogre
 13392 | D:11     | Noticed Josephine
 13402 | D:11     | Reached skill level 5 in Summonings
 13403 | D:11     | Killed Josephine
 13403 | D:11     | Reached skill level 5 in Air Magic
 13433 | D:11     | HP: 18/74 [something (4)]
 13435 | D:11     | Killed an unseen horror
 13435 | D:11     | Reached ***** piety under Sif Muna
 13435 | D:11     | Reached skill level 10 in Conjurations
 13791 | D:11     | Received a gift from Sif Muna
 13980 | D:11     | Noticed Nergalle
 14000 | D:11     | Got a brightly glowing flail
 14001 | D:11     | Identified the +9 flail of Ijisutso {venom, rF+ Str+3} (You found it on level 11 of the Dungeon)
 14336 | D:11     | Reached skill level 9 in Spellcasting
 14336 | D:11     | Reached skill level 6 in Summonings
 14336 | D:11     | Reached skill level 6 in Air Magic
 14905 | D:11     | Found a staircase to the Lair.
 15003 | Lair:1   | Entered Level 1 of the Lair of Beasts
 15091 | Lair:1   | Reached skill level 11 in Fire Magic
 15767 | Lair:1   | Received a gift from Sif Muna
 15767 | Lair:1   | Reached skill level 7 in Summonings
 15767 | Lair:1   | Reached XP level 12. HP: 75/81 MP: 17/25
 15791 | Lair:1   | Learned a level 5 spell: Summon Mana Viper
 17124 | Lair:1   | Reached skill level 1 in Fighting
 17124 | Lair:1   | Reached skill level 2 in Dodging
 17124 | Lair:1   | Reached skill level 1 in Hexes
 17328 | Lair:1   | HP: 17/84 [yak[a torpor snail] (11)]
 17724 | Lair:2   | Reached skill level 2 in Fighting
 17746 | Lair:1   | Reached skill level 2 in Hexes
 18116 | Lair:2   | Noticed a five-headed hydra
 18129 | Lair:2   | Killed a five-headed hydra
 18135 | Lair:2   | Reached skill level 3 in Fighting
 18282 | Lair:2   | Found a staircase to the Shoals.
 18420 | Lair:2   | Found a staircase to the Snake Pit.
 19160 | Lair:3   | Reached skill level 4 in Fighting
 19200 | Lair:3   | Identified Sif Muna's Disquisition on Moulding and Lightness (Sif Muna gifted it to you on level 3 of the Lair of Beasts)
 19200 | Lair:3   | Received a gift from Sif Muna
 19200 | Lair:3   | Reached skill level 8 in Summonings
 19225 | Lair:3   | Reached skill level 10 in Spellcasting
 19225 | Lair:3   | Reached skill level 3 in Hexes
 19301 | Lair:3   | Reached skill level 3 in Dodging
 19603 | Lair:3   | Reached skill level 1 in Invocations
 20380 | Lair:4   | HP: 31/138 [meliai/hand axe (5)]
 20380 | Lair:4   | Reached skill level 2 in Invocations
 20382 | Lair:4   | HP: 13/139 [killer bee (7)]
 20387 | Lair:4   | Reached skill level 5 in Fighting
 20393 | Lair:4   | HP: 12/141 [killer bee (5)]
 20642 | Lair:4   | Found a dark tunnel.
 20755 | Lair:4   | Reached XP level 13. HP: 85/100 MP: 23/27
 20763 | Lair:4   | Learned a level 3 spell: Stone Arrow
 20810 | Volcano  | Entered a volcano
 21197 | Volcano  | HP: 7/101 [alligator skeleton (19)]
 21315 | Volcano  | Reached skill level 1 in Earth Magic
 21316 | Volcano  | Reached skill level 11 in Conjurations
 21475 | Volcano  | Reached skill level 4 in Hexes
 22429 | Lair:5   | Found an iron altar of Okawaru.
 22439 | Lair:5   | Reached skill level 3 in Invocations
 22470 | Lair:5   | Reached skill level 9 in Summonings
 22478 | Lair:5   | Reached skill level 6 in Fighting
 22882 | Lair:5   | Received a gift from Sif Muna
 23131 | Lair:5   | Reached skill level 2 in Earth Magic
 23466 | Lair:5   | Reached skill level 4 in Dodging
 23548 | Lair:5   | Reached skill level 4 in Invocations
 24116 | Lair:5   | Found a snail-covered altar of Cheibriados.
 24268 | Lair:5   | Reached skill level 5 in Hexes
 24544 | Lair:6   | Entered Level 6 of the Lair of Beasts
 24544 | Lair:6   | Found a staircase to the Slime Pits.
 24572 | Lair:6   | Reached skill level 7 in Fighting
 25248 | Lair:6   | Noticed an acid blob
 25262 | Lair:6   | Killed an acid blob
 25323 | Lair:6   | Noticed nht's ghost (journeyman DsHu)
 25400 | Lair:6   | Killed nht's ghost
 25518 | Lair:6   | Reached skill level 5 in Invocations
 25738 | Lair:6   | Identified Sif Muna's Catalogue of Transmigration and Conjuration (Sif Muna gifted it to you on level 6 of the Lair of Beasts)
 25738 | Lair:6   | Received a gift from Sif Muna
 25774 | Lair:6   | Reached XP level 14. HP: 75/113 MP: 0/28
 25965 | Lair:6   | Reached skill level 3 in Earth Magic
 26341 | Lair:6   | Noticed an acid blob
 26361 | Lair:6   | Killed an acid blob
 26550 | Lair:6   | Reached skill level 12 in Fire Magic
 26555 | Lair:6   | Reached skill level 10 in Summonings
 27503 | Lair:6   | Reached skill level 6 in Invocations
 27890 | Lair:6   | Reached skill level 8 in Fighting
 27890 | Lair:6   | Reached skill level 11 in Spellcasting
 28289 | Lair:6   | Reached skill level 6 in Hexes
 28300 | Lair:6   | Reached skill level 5 in Dodging
 28379 | Lair:6   | HP: 19/116 [death yak (23)]
 28463 | Lair:6   | HP: 22/116 [death yak (18)]
 28517 | Lair:6   | Identified Sonirat's Catalogue of the Forsaken Ghosts (Sif Muna gifted it to you on level 6 of the Lair of Beasts)
 28517 | Lair:6   | Received a gift from Sif Muna
 28801 | Lair:6   | Learned a level 6 spell: Shadow Creatures
 30196 | D:12     | Noticed a frost giant
 30208 | D:12     | HP: 5/116 [frost giant/bolt of cold (91)]
 30210 | D:12     | Killed a frost giant
 30210 | D:12     | Reached skill level 7 in Invocations
 30986 | D:12     | Noticed a storm dragon
 31184 | D:12     | Killed a storm dragon
 31561 | D:12     | Reached XP level 15. HP: 94/123 MP: 14/30
 31771 | D:12     | Identified a scroll of acquirement
 31772 | D:12     | Identified the Tome of Attacks (You acquired it on level 12 of the Dungeon)
 31780 | D:12     | Learned a level 5 spell: Bolt of Magma
 31937 | D:12     | Noticed Frances
 31954 | D:12     | Killed Frances
 31954 | D:12     | Reached skill level 9 in Fighting
 33156 | D:13     | Identified Lioc's Incunabulum of Feathers and Hexes (Sif Muna gifted it to you on level 13 of the Dungeon)
 33156 | D:13     | Received a gift from Sif Muna
 33156 | D:13     | Reached skill level 6 in Dodging
 33187 | D:13     | HP: 27/124 [slime creature (16)]
 33231 | D:13     | Mangled by a very large slime creature

Vault maps used:
D:1:      kilobyte_arrival_exit_the_forest, nrook_loot_triangle, moated_statue
D:2:      serial_undead, serial_undead_b, serial_undead_e, serial_undead_c,
          serial_undead_e, first_bread, uniq_sigmund
D:3:      trog_wizard
D:4:      uniq_natasha, uniq_blork_the_orc
D:5:      lemuel_castle_with_subvaults, minmay_temple_entry_large_hall,
          serial_shops, shop, kennysheep_little_box,
          nicolae_ru_sacrificial_ziggurat, uniq_crazy_yiuf_cottage
D:6:      overflow_temple_1_default, fountainhead, uniq_edmund
D:7:      lemuel_round_altar
D:8:      lemuel_round_altar, marbit_many_paths, kennysheep_mini
D:9:      lemuel_crystal_altar, basic_altar
D:10:     minmay_orc_entry_temple_small, serial_shops, shop, nicolae_shop_trees,
          hangedman_little_slice_of_home
D:11:     david_lair_shrubbed, kennysheep_dice, uniq_nergalle, uniq_josephine,
          uniq_sonja
D:12:     regret_index_tunnel_blossom, special_room, uniq_frances
Temple:   nicolae_temple_no_exploring_needed
Lair:1:   worms_lemuel
Lair:2:   minmay_shoals_entry_beasts, minmay_snake_entry_guardpost_small
Lair:3:   serial_bayou_pond_c, infiniplex_staircase_pool
Lair:4:   special_room, enter_volcano_2, grunt_megastairs_1, lemuel_fruit_fields
Lair:5:   kb_forest_paths, basic_altar, eino_small_chamber_without_monster,
          kennysheep_snail_temple
Lair:6:   evilmike_catoblepas_cave, minmay_slime_entry_pillars,
          kennysheep_rathole, grunt_megastairs_5
Volcano:  volcano_tomb

Skill      XL: |  1  2  3  4  5  6  7  8  9 10 11 12 13 14 15 |
---------------+----------------------------------------------+-----
Conjurations   | 2 3 4 5 7 9 10 11 | 11.9
Spellcasting   | 3 4 5 6 7 8 9 10 11 | 11.5
Fire Magic     | 4 5 6 8 9 10 11 12 | 12.3
Air Magic      | 4 6 |  6.9
Summonings     | 4 7 8 9 10 | 10.9
Fighting       | 5 7 8 9 |  9.2
Dodging        | 3 4 5 6 |  6.0
Hexes          | 3 5 6 |  6.1
Invocations    | 2 5 7 |  7.6
Earth Magic    | 2 3 |  3.7
Stealth        | |  1.7

Action                   |  1- 3 |  4- 6 |  7- 9 | 10-12 | 13-15 || total
-------------------------+-------+-------+-------+-------+-------++-------
Melee: Unarmed           |    17 |       |       |       |       ||    17
       Tailslap          |     3 |     1 |    11 |    54 |    45 ||   114
       Club              |    34 |    33 |    16 |       |       ||    83
       Short sword       |       |       |   120 |   307 |   345 ||   772
Throw: Javelin           |     5 |    64 |   166 |    60 |       ||   295
 Cast: Flame Tongue      |    62 |    52 |   158 |   203 |   174 ||   649
       Conjure Flame     |     1 |     1 |     2 |     8 |    18 ||    30
       Sticky Flame      |       |     1 |    19 |    57 |    54 ||   131
       Fireball          |       |       |     6 |    55 |   144 ||   205
       Summon Lightning  |       |       |       |    23 |    90 ||   113
       Stone Arrow       |       |       |       |       |    46 ||    46
       Summon Mana Viper |       |       |       |       |     6 ||     6
       Shadow Creatures  |       |       |       |       |     9 ||     9
       Bolt of Magma     |       |       |       |       |     7 ||     7
Invok: Divine Energy     |       |       |     1 |       |       ||     1
       Channel Magic     |       |       |       |       |     4 ||     4
 Abil: Breathe Dispellin |       |       |     9 |     8 |     1 ||    18
Evoke: Wand              |       |       |       |     6 |     1 ||     7
       Lamp of fire      |       |       |       |     1 |       ||     1
  Use: Scroll            |       |     6 |     2 |    16 |     9 ||    33
       Potion            |       |       |       |     3 |     1 ||     4
 Stab: Distracted        |       |       |       |     2 |     4 ||     6
       Sleeping          |       |       |       |       |     1 ||     1
  Eat: Chunk             |     5 |     5 |    21 |    41 |    55 ||   127
       Royal jelly       |       |     1 |     2 |     4 |    11 ||    18
       Bread ration      |       |       |       |     1 |       ||     1
Armor: Skin              |    35 |    20 |    81 |   198 |   219 ||   553
Dodge: Dodged            |    64 |    24 |   169 |   287 |   507 ||  1051

Vault maps used:
D:1:      kilobyte_arrival_exit_the_forest, nrook_loot_triangle, moated_statue
D:2:      serial_undead, serial_undead_b, serial_undead_e, serial_undead_c,
          serial_undead_e, first_bread, uniq_sigmund
D:3:      trog_wizard
D:4:      uniq_natasha, uniq_blork_the_orc
D:5:      lemuel_castle_with_subvaults, minmay_temple_entry_large_hall,
          serial_shops, shop, kennysheep_little_box,
          nicolae_ru_sacrificial_ziggurat, uniq_crazy_yiuf_cottage
D:6:      overflow_temple_1_default, fountainhead, uniq_edmund
D:7:      lemuel_round_altar
D:8:      lemuel_round_altar, marbit_many_paths, kennysheep_mini
D:9:      lemuel_crystal_altar, basic_altar
D:10:     minmay_orc_entry_temple_small, serial_shops, shop, nicolae_shop_trees,
          hangedman_little_slice_of_home
D:11:     david_lair_shrubbed, kennysheep_dice, uniq_nergalle, uniq_josephine,
          uniq_sonja
D:12:     regret_index_tunnel_blossom, special_room, uniq_frances
Temple:   nicolae_temple_no_exploring_needed
Lair:1:   worms_lemuel
Lair:2:   minmay_shoals_entry_beasts, minmay_snake_entry_guardpost_small
Lair:3:   serial_bayou_pond_c, infiniplex_staircase_pool
Lair:4:   special_room, enter_volcano_2, grunt_megastairs_1, lemuel_fruit_fields
Lair:5:   kb_forest_paths, basic_altar, eino_small_chamber_without_monster,
          kennysheep_snail_temple
Lair:6:   evilmike_catoblepas_cave, minmay_slime_entry_pillars,
          kennysheep_rathole, grunt_megastairs_5
Volcano:  volcano_tomb

Table legend:
 A = Turns spent in this place as a percentage of turns spent in the entire game.
 B = Non-inter-level travel turns spent in this place as a percentage of non-inter-level travel turns spent in the entire game.
 C = Inter-level travel turns spent in this place as a percentage of turns spent in this place.
 D = Turns resting spent in this place as a percentage of non-inter-level travel turns spent in this place.
 E = Turns spent auto-exploring this place as a percentage of non-inter-level travel turns spent in this place.
 F = Non-inter-level travel turns spent in this place divided by the number of levels of this place that you've seen.
                   A       B       C       D       E      F
               +-------+-------+-------+-------+-------+----------------------
         Total | 100.0 | 100.0 |   0.4 |   6.2 |   7.8 | 424.0
       Dungeon |  60.6 |  60.6 |   0.5 |   4.1 |   9.1 | 415.1
        Temple |   0.1 |   0.1 |  28.6 |  40.0 |  40.0 |   5.0
          Lair |  35.5 |  35.5 |   0.4 |   8.1 |   6.0 | 526.8
       Volcano |   3.8 |   3.8 |   0.0 |  21.7 |   2.6 | 341.0
               +-------+-------+-------+-------+-------+----------------------

Table legend:
 A = Kills in this place as a percentage of kills in entire the game.
 B = Kills by you in this place as a percentage of kills by you in the entire game.
 C = Kills by friends in this place as a percentage of kills by friends in the entire game.
 D = Other kills in this place as a percentage of other kills in the entire game.
 E = Experience gained in this place as a percentage of experience gained in the entire game.
 F = Experience gained in this place divided by the number of levels of this place that you have seen.
                   A       B       C       D       E      F
               +-------+-------+-------+-------+-------+----------------------
         Total | 100.0 | 100.0 | 100.0 |  -nan | 100.0 | 5405.2
       Dungeon |  61.8 |  64.1 |  44.2 |  -nan |  36.7 | 3202.5
          Lair |  35.7 |  33.4 |  52.6 |  -nan |  58.3 | 11030.5
       Volcano |   2.5 |   2.4 |   3.2 |  -nan |   5.0 | 5693.0
               +-------+-------+-------+-------+-------+----------------------
